 Dungeon Crawl Stone Soup version 0.30-a0-459-g9104f0fc43 (webtiles) character file.

Game seed: 14242924834977046748

333361 cforsyth the Wrestler (level 20, -2/202 HPs)
             Began as a Troll Fighter on Dec 16, 2022.
             Was the Champion of Wu Jian.
             Slain by a deep troll (7 damage)
             ... led by an ironbound preserver
             ... on level 3 of the Vaults.
             The game lasted 01:56:11 (46338 turns).

cforsyth the Wrestler (Troll Fighter)              Turns: 46338, Time: 01:56:12

Health: -2/202     AC: 13    Str: 38    XL:     20   Next: 91%
Magic:  32/32      EV:  9    Int: 13    God:    Wu Jian [******]
Gold:   4637       SH: 13    Dex:  9    Spells: 19/25 levels left

rFire   + + +      SeeInvis +      - Unarmed
rCold   + + .      Faith    .    F - +2 shield of Resistance {rF++ rC++ Will++}
rNeg    . . .      Spirit   .    a - +0 troll leather armour
rPois   +          Reflect  .    W - +2 hat
rElec   .          Harm     .    O - +0 cloak "Omoguhag" {rF+ Str+5}
rCorr   +          Rampage  .    (gloves unavailable)
Will    ++++.                    (boots unavailable)
Stlth   +.........               R - amulet "Meyrogro" {Regen+ Int+3}
HPRegen 2.93/turn                K - ring "Rafigaucka" {rPois rCorr MP+9 Dex-3 SInv}
MPRegen 0.23/turn                D - ring "Geshaomu" {Will+ AC+4 Str+4 Dex+3}

@: studying 2 skills
A: large, unfitting armour, claws 3, regeneration 1, shaggy fur 1, tough skin 1
}: 2/15 runes: decaying, serpentine
a: Renounce Religion, Wall Jump, Serpent's Lash, Heavenly Storm


You were on level 3 of the Vaults.
You worshipped Wu Jian.
Wu Jian was exalted by your worship.
You visited 8 branches of the dungeon, and saw 37 of its levels.
You also visited: Gauntlet and Ice Cave.

You collected 4905 gold pieces.
You spent 268 gold pieces at shops.

Inventory:

Armour
 a - a +0 troll leather armour (worn)
 F - the +2 shield of Resistance (worn) {rF++ rC++ Will++}
   (You found it in a Gauntlet)

   rF:        It greatly protects you from fire.
   rC:        It greatly protects you from cold.
   Will:      It greatly increases your willpower.
 O - the +0 cloak "Omoguhag" (worn) {rF+ Str+5}
   (You found it in a Gauntlet)

   Str:       It affects your strength (+5).
   rF:        It protects you from fire.
 W - a +2 hat (worn)
Jewellery
 f - the ring of Suicidal Tendencies {rPois Dex+6 SInv}
   (You found it on level 5 of the Lair of Beasts)

   [ring of dexterity]

   Dex:       It affects your dexterity (+6).
   rPois:     It protects you from poison.
   SInv:      It lets you see invisible.
 D - the ring "Geshaomu" (right claw) {Will+ AC+4 Str+4 Dex+3}
   (You took it off a spriggan rider on level 4 of the Swamp)

   [ring of protection]

   AC:        It affects your AC (+4).
   Str:       It affects your strength (+4).
   Dex:       It affects your dexterity (+3).
   Will:      It increases your willpower.
 J - an amulet of reflection
 K - the ring "Rafigaucka" (left claw) {rPois rCorr MP+9 Dex-3 SInv}
   (You acquired it on level 3 of the Elven Halls)

   [ring of resist corrosion]

   Dex:       It affects your dexterity (-3).
   rPois:     It protects you from poison.
   MP:        It affects your magic capacity (+9).
   SInv:      It lets you see invisible.
   rCorr:     It protects you from acid and corrosion.
 N - a ring of flight
 R - the amulet "Meyrogro" (around neck) {Regen+ Int+3}
   (You took it off a deep elf sorcerer on level 3 of the Elven Halls)

   [amulet of regeneration]

   Int:       It affects your intelligence (+3).
   Regen:     It increases your rate of health regeneration.
Wands
 b - a wand of polymorph (10)
 o - a wand of mindburst (43)
 s - a wand of digging (10)
 w - a wand of light (27)
 I - a wand of paralysis (32)
 L - a wand of iceblast (65)
 M - a wand of flame (15)
Scrolls
 d - 10 scrolls of fog
 e - 15 scrolls of identify
 g - 6 scrolls of magic mapping
 i - 6 scrolls of vulnerability
 l - 2 scrolls of enchant weapon
 p - 4 scrolls of amnesia
 q - 5 scrolls of fear
 r - 9 scrolls of immolation
 u - 4 scrolls of enchant armour
 v - 6 scrolls of blinking
 x - 2 scrolls of torment
 E - 9 scrolls of poison
 H - 14 scrolls of teleportation
 P - 3 scrolls of silence
Potions
 c - a potion of might
 h - 10 potions of mutation
 k - 2 potions of invisibility
 m - 4 potions of resistance
 n - 11 potions of heal wounds
 t - 16 potions of curing
 z - 6 potions of brilliance
 A - 9 potions of haste
 B - 3 potions of berserk rage
 C - 7 potions of attraction
 G - 4 potions of cancellation
 S - 3 potions of flight
 T - a potion of ambrosia
 U - a potion of magic
Miscellaneous
 y - a phantom mirror


   Skills:
 - Level 13.3 Fighting
 - Level 2.4 Dodging
 - Level 13.8 Shields
 - Level 21.1 Unarmed Combat
 - Level 3.3 Spellcasting
 - Level 13.3 Transmutations
 + Level 17.3 Earth Magic


You had 19 spell levels left.
You knew the following spells:

 Your Spells              Type           Power      Damage    Failure   Level
a - Statue Form           Tmut/Erth      28%        N/A       12%         6

Your spell library contained the following spells:

 Spells                   Type           Power      Damage    Failure   Level
 Beastly Appendage        Tmut           72%        N/A       1%          1
 Sandblast                Erth           94%        2d19      1%          1
 Passwall                 Tmut/Erth      35%        N/A       1%          2
 Wereblood                Tmut           36%        N/A       1%          2
 Petrify                  Tmut/Erth      42%        N/A       1%          4
 Stone Arrow              Conj/Erth      48%        3d10      3%          3
 Blade Hands              Tmut           18%        N/A       4%          5
 Spider Form              Tmut/Pois      19%        N/A       8%          3
 Animate Armour           Summ/Erth      48%        N/A       11%         4
 Magic Dart               Conj           8%         1d3       38%         1
 Shock                    Conj/Air       8%         1d3       38%         1
 Call Imp                 Summ           2%         N/A       52%         2
 Cigotuvi's Dreadful Rot  Necr/Pois/Air  4%         N/A       52%         2
 Ensorcelled Hibernation  Hex/Ice        4%         N/A       52%         2
 Poisonous Vapours        Pois/Air       4%         N/A       52%         2
 Sublimation of Blood     Necr           2%         N/A       52%         2
 Yara's Violent Unravell  Hex/Tmut       9%         3d6       58%         5
 Dazzling Flash           Conj/Hex       4%         N/A       77%         3
 Inner Flame              Hex/Fire       2%         N/A       77%         3
 Mephitic Cloud           Conj/Pois/Air  2%         N/A       77%         3
 Ozocubu's Armour         Ice            2%         N/A       77%         3
 Summon Guardian Golem    Hex/Summ       2%         N/A       77%         3
 Swiftness                Air            2%         N/A       77%         3
 Tukima's Dance           Hex            2%         N/A       77%         3
 Iron Shot                Conj/Erth      12%        9d3       86%         6
 Airstrike                Air            1%         2d(1-17)  99%         4
 Cause Fear               Hex            1%         N/A       99%         4
 Fulminant Prism          Conj/Hex       1%         3d5       99%         4
 Passage of Golubria      Tloc           2%         N/A       99%         4
 Agony                    Necr           2%         N/A       100%        5
 Fireball                 Conj/Fire      1%         3d3       100%        5
 Iskenderun's Battlesphe  Conj           2%         2d6       100%        5
 Lightning Bolt           Conj/Air       1%         1d12      100%        5
 Metabolic Englaciation   Hex/Ice        1%         N/A       100%        5
 Silence                  Hex/Air        1%         N/A       100%        5
 Conjure Ball Lightning   Conj/Air       1%         3x3d6     100%        6
 Simulacrum               Ice/Necr       1%         N/A       100%        6
 Orb of Destruction       Conj           1%         9d5       100%        7
 Spellforged Servitor     Conj/Summ      1%         N/A       100%        7
 Summon Hydra             Summ           1%         N/A       100%        7
 Discord                  Hex            1%         N/A       100%        8
 Lehudib's Crystal Spear  Conj/Erth      12%        10d4      100%        8


Dungeon Overview and Level Annotations

Branches:
Dungeon (15/15)            Temple (1/1) D:4            Lair (5/5) D:10
  Swamp (4/4) Lair:3        Snake (4/4) Lair:3        Slime (0/5) Lair:4
    Orc (2/2) D:12            Elf (3/3) Orc:2        Vaults (3/5) D:14
 Depths (0/4) D:15          IceCv (visited)         Gauntlet (visited)
  Crypt: Vaults:2-3

Altars:
Ashenzari
Cheibriados
Dithmenos
Elyvilon
Fedhas
Gozag
Hepliaklqana
Kikubaaqudgha
Makhleb
Nemelex Xobeh
Okawaru
Qazlal
Ru
Sif Muna
Trog
Uskayaw
Vehumet
Wu Jian
Xom
Yredelemnul
Zin
The Shining One
Jiyva

Shops:
D:3 *   D:4 **   D:6 !*(=   Orc:2 ([[   Elf:2 [   Elf:3 *

Annotations:
Swamp:2 2 transporters, Fefob's ghost, adept TeWn


Innate Abilities, Weirdness & Mutations

You are too large for most types of armour.
You have claws for hands.
Your natural rate of healing is unusually fast.
You are covered in fur. (AC +1)
You have tough skin. (AC +1)


Message History

You block the deep troll's attack. The deep troll claws you!
* * * LOW HITPOINT WARNING * * *
The deep troll barely misses you.
The deep troll claws you but does no damage. x2
The deep troll bites you but does no damage.
The deep troll claws you but does no damage.
You block the deep troll's attack.
The deep troll bites you but does no damage.
The deep troll claws you but does no damage.
The deep troll closely misses you.
You eviscerate the ironbound preserver!!!!
You kill the ironbound preserver!
The Council accepts your kill.
You spin and attack the deep troll.
You eviscerate the deep troll!!!
The deep troll is severely wounded.
You spin and attack the deep troll.
You claw the deep troll!
The deep troll is moderately wounded.
You revert to your normal fleshy form.
Your +0 troll leather armour unmelds from your body.
The deep troll bites you!
* * * LOW HITPOINT WARNING * * *
You block the deep troll's attack. The deep troll barely misses you.
The deep troll bites you!
* * * LOW HITPOINT WARNING * * *
The deep troll claws you but does no damage.
You block the deep troll's attack. The deep troll bites you!
* * * LOW HITPOINT WARNING * * *
You block the deep troll's attack. The deep troll claws you.
* * * LOW HITPOINT WARNING * * *
The deep troll bites you!
* * * LOW HITPOINT WARNING * * *
The deep troll claws you but does no damage.
The deep troll claws you!
* * * LOW HITPOINT WARNING * * *
The deep troll bites you but does no damage.
The deep troll claws you but does no damage.
The deep troll claws you!
* * * LOW HITPOINT WARNING * * *
The deep troll bites you!
You die...

'..#...########.......#
#..#####......#.......#
#...#..#......'.......#
#...#..'......#.......#
#...##[#...W..#.[.....#
##.....#......#W).....#
.#'##'##......+.T.....#
.#..#..########TT.....#
.'..#..# #T@T....#
.#..#..# #T......#
######## #.......#
#.......# #.......#
#.......# #.......#
+.......+


You could see 6 deep trolls and a phantasmal warrior.

Vanquished Creatures
  Margery (Vaults:2)
  Nikola (Snake:4)
  Jorgrun (D:15)
  An Ice Fiend (IceCv)
  Mlioglotl (Snake:1)
  2 deep elf blademasters (Elf:2)
  4 deep elf master archers (Elf:3)
  Kirke (Swamp:2)
  A thorn hunter (Swamp:4)
  Agnes (Snake:3)
  5 fenstrider witches
  8 nagarajas
  A fire giant (D:15)
  5 deep elf sorcerers
  Aizul (Snake:1)
  A curse skull (Elf:1)
  4 deep elf elementalists
  An orc warlord (Vaults:2)
  9 vault wardens
  20 ironbound preservers
  2 ghouls (Swamp:4)
  4 ironbound thunderhulks
  A stone giant (Vaults:1)
  A very ugly thing (IceCv)
  4 deep elf demonologists (Elf:3)
  2 vampire knights (Elf:2)
  9 eleionomae
  Azrael (Snake:1)
  A bunyip (Swamp:4)
  The ghost of cforsyth the Grappler, a journeyman TrFi of Wu Jian (D:11)
  9 deep elf annihilators
  A blizzard demon (Swamp:4)
  A minotaur (Gauntlet)
  20 dire elephants
  A green death (Swamp:4)
  9 deep elf death magi
  An entropy weaver (Vaults:1)
  A great orb of eyes (Vaults:1)
  6 yaktaur captains
  A shambling mangrove (Swamp:3)
  5 deep elf high priests
  2 ghost crabs
  6 centaur warriors
  3 caustic shrike simulacra (IceCv)
  A spriggan air mage (Swamp:3)
  7 vault guards
  A catoblepas (Lair:4)
  8 hydras
  3 ogre magi
  3 salamander tyrants
  2 ironbound frosthearts
  4 two-headed ogres
  9 anacondas
  6 death yaks
  14 naga warriors
  3 tengu warriors
  A vampire mage (Elf:2)
  6 alligators
  A boulder beetle (Vaults:1)
  28 dancing weapons
  3 orc high priests (Orc:2)
  The ghost of DeathPants the Covert, a journeyman VSBr of Gozag (D:9)
  Urug (D:11)
  5 shock serpents
  12 deep elf knights
  10 naga sharpshooters
  4 hell knights (Vaults:2)
  2 soul eaters (Swamp:4)
  A wretched star (Gauntlet)
  18 spriggans
  A shadow wraith (Elf:2)
  2 sixfirhies (Swamp:4)
  5 goliath frogs
  6 salamander mystics
  A death drake (Swamp:4)
  3 swamp dragons
  3 obsidian statues
  2 elf simulacra (Elf:2)
  7 bog bodies
  14 deep elf archers
  6 spriggan druids
  6 wizards
  12 orc knights
  3 spriggan simulacra
  9 ironbound convokers
  19 deep elf zephyrmancers
  58 deep trolls
  9 lindwurms
  3 necromancers (Vaults:2)
  10 orc sorcerers
  3 mana vipers
  26 deep elf pyromancers
  19 ugly things
  4 cyclopes
  4 manticores
  5 will-o-the-wisps
  8 elephants
  6 vault sentinels
  26 black mambas
  19 salamanders
  6 guardian serpents
  13 naga magi
  An unseen horror (D:11)
  An ice statue (Gauntlet)
  2 orange demons (Swamp:4)
  2 spectral elves (Elf:2)
  2 kobold demonologists
  11 cane toads
  4 rime drakes
  5 komodo dragons
  An efreet (D:13)
  A tengu conjurer (D:14)
  6 freezing wraiths (IceCv)
  2 golden dragon simulacra (IceCv)
  15 yaktaurs
  3 hellwings (Swamp:4)
  A hornet (shapeshifter) (Elf:2)
  14 hornets
  8 trolls
  4 blink frogs (Lair:3)
  3 polar bears (Lair:5)
  5 tyrant leeches
  20 slime creatures
  7 dream sheep
  A dire elephant simulacrum (Elf:1)
  A ynoxinul (Gauntlet)
  An air elemental (Elf:1)
  3 flying skulls (Elf:2)
  A jumping spider (Vaults:1)
  3 wyverns
  A centaur simulacrum (D:11)
  4 wraiths
  3 shadows
  A vampire (Elf:2)
  9 fire elementals
  4 hogs (Swamp:1)
  5 basilisks
  A fire bat (shapeshifter) (D:11)
  38 yaks
  A water elemental (Elf:1)
  3 chaos spawn (Swamp:4)
  4 minotaur simulacra
  3 steam dragons
  14 vampire mosquitoes
  17 swamp worms
  2 wargs
  36 nagas
  3 acid dragons
  4 hydra simulacra (IceCv)
  A harpy simulacrum (Elf:1)
  A warg (shapeshifter) (D:15)
  13 water moccasins
  4 hell hounds
  5 swamp drakes
  3 black bears (Lair:5)
  22 orc warriors
  A sky beast (D:7)
  5 ice beasts
  2 ettin simulacra (IceCv)
  8 ogres
  4 centaurs
  33 wolves
  6 boggarts
  2 phantoms
  3 kobold brigands
  6 bullfrogs
  2 gnoll sergeants
  A deep troll simulacrum (Elf:1)
  An earth elemental (Elf:1)
  13 wights
  4 killer bees (D:11)
  A lindwurm simulacrum (Elf:1)
  A small abomination (Gauntlet)
  2 electric eels
  A howler monkey (D:6)
  4 iron imps (Gauntlet)
  3 jellies (D:9)
  17 orc priests
  3 hounds
  2 gnoll boudas (D:7)
  An iguana (D:4)
  19 orc wizards
  20 gnolls
  6 adders
  A shadow imp (D:7)
  2 white imps (D:5)
  An ufetubus (Vaults:2)
  2 worms
  4 dart slugs
  60 orcs
  7 ball pythons
  6 bats
  4 endoplasms
  4 giant cockroaches
  4 goblins
  7 hobgoblins
  2 jackals (D:3)
  3 kobolds
  5 quokkas
  2 frilled lizards (D:3)
  6 rats
  A briar patch (Swamp:4)
1255 creatures vanquished.

Vanquished Creatures (others)
  A deep elf pyromancer (Elf:2)
  A deep elf zephyrmancer (Elf:1)
  An orange demon (Swamp:4)
  A tengu conjurer (D:13)
  A bloated husk (Swamp:4)
  A swamp worm (Swamp:1)
  A kobold brigand (D:14)
  An orc (Orc:2)
  A kobold (D:14)
  A briar patch (Swamp:4)
  15 foxfires
  14 fungi
  A lost soul (Elf:2)
  21 plants
61 creatures vanquished.

Grand Total: 1316 creatures vanquished

Notes
Turn   | Place    | Note
-------+----------+-------------------------------------------
     0 | D:1      | cforsyth the Troll Fighter began the quest for the Orb.
     0 | D:1      | Reached XP level 1. HP: 22/22 MP: 0/0
   237 | D:1      | Reached XP level 2. HP: 29/29 MP: 1/1
   744 | D:2      | Reached XP level 3. HP: 36/36 MP: 2/2
   810 | D:2      | You fall into a shaft and drop 2 floors!
   810 | D:4      | Found a staircase to the Ecumenical Temple.
   814 | D:4      | Noticed a gnoll sergeant
   817 | D:4      | Reached skill level 3 in Unarmed Combat
   827 | Temple   | Entered the Ecumenical Temple
  1229 | Temple   | Became a worshipper of the Wu Jian Council
  1293 | D:4      | Reached XP level 4. HP: 44/44 MP: 3/3
  1680 | D:4      | Killed a gnoll sergeant
  1681 | D:4      | Reached skill level 4 in Unarmed Combat
  1681 | D:4      | Reached XP level 5. HP: 16/53 MP: 4/4
  2088 | D:4      | Found Veajuymapn's General Store.
  2093 | D:4      | Found Tosum's Specific Store.
  2103 | D:4      | Bought a potion of heal wounds for 70 gold pieces
  2259 | D:4      | Found a sacrificial altar of Ru.
  2729 | D:3      | Found Ticalixt's Assorted Antiques.
  2745 | D:3      | Bought a scroll labelled EFUARI SOWE for 25 gold pieces
  2745 | D:3      | Bought a scroll labelled NAEDUO GITZUSS for 25 gold pieces
  2745 | D:3      | Bought a murky cyan potion for 22 gold pieces
  2764 | D:3      | Reached * piety under Wu Jian
  2786 | D:3      | Found a faded altar of an unknown god.
  2837 | D:3      | Identified the +10 falchion of the Intense God {drain,
                  | Str+4}
  2996 | D:3      | Found an opulent altar of Gozag.
  3388 | D:5      | Entered Level 5 of the Dungeon
  3395 | D:5      | Noticed an ogre
  3400 | D:5      | Killed an ogre
  3401 | D:5      | Reached XP level 6. HP: 61/61 MP: 5/5
  3466 | D:5      | Reached skill level 5 in Unarmed Combat
  3544 | D:5      | Found a white marble altar of Elyvilon.
  3576 | D:5      | Found a shimmering altar of Xom.
  3875 | D:5      | Found a blossoming altar of Fedhas.
  4155 | D:6      | Found Sogidgh's Jewellery Shoppe.
  4159 | D:6      | Found Omisoj's Weapon Shoppe.
  4159 | D:6      | Found Jeluliga's Distillery.
  4163 | D:6      | Found Weomiu Ysmy's General Store.
  4169 | D:6      | Bought a scroll of identify for 28 gold pieces
  4169 | D:6      | Bought a scroll of identify for 28 gold pieces
  4173 | D:6      | Bought a potion of curing for 33 gold pieces
  4236 | D:6      | Reached XP level 7. HP: 59/68 MP: 6/6
  4314 | D:6      | Reached skill level 6 in Unarmed Combat
  4315 | D:6      | Reached ** piety under Wu Jian
  4514 | D:6      | Reached skill level 5 in Shields
  4514 | D:6      | Reached skill level 7 in Unarmed Combat
  4514 | D:6      | Reached XP level 8. HP: 75/79 MP: 7/7
  4751 | D:6      | Found a sparkling altar of Nemelex Xobeh.
  5092 | D:7      | Reached skill level 5 in Fighting
  5100 | D:7      | Reached skill level 8 in Unarmed Combat
  5163 | D:7      | Found a burning altar of Makhleb.
  5274 | D:7      | Reached XP level 9. HP: 75/88 MP: 8/8
  5322 | D:7      | Found a stormy altar of Qazlal.
  5374 | D:7      | Found an ancient bone altar of Kikubaaqudgha.
  5493 | D:7      | Reached skill level 9 in Unarmed Combat
  6073 | D:7      | Reached *** piety under Wu Jian
  6411 | D:8      | Paralysed by a hornet for 3 turns
  6742 | D:9      | Noticed an obsidian statue
  6756 | D:9      | Noticed an orange demon
  6796 | D:9      | Reached skill level 10 in Unarmed Combat
  6906 | D:9      | Noticed a komodo dragon
  6912 | D:9      | Killed a komodo dragon
  7016 | D:9      | Found a broken altar of Ashenzari.
  7152 | D:9      | Found a runed translucent gate.
  7155 | D:9      | Found a runed translucent gate.
  7155 | D:9      | Found a runed translucent gate.
  7155 | D:9      | Noticed DeathPants's ghost (journeyman VSBr)
  7329 | D:9      | Found a viscous altar of Jiyva.
  7490 | D:10     | Entered Level 10 of the Dungeon
  7513 | D:9      | Reached XP level 10. HP: 70/100 MP: 9/9
  7798 | D:10     | Found a staircase to the Lair.
  7833 | D:10     | Reached skill level 11 in Unarmed Combat
  7856 | D:10     | HP: 1/102 [yak (12)]
  8174 | D:10     | Noticed a deep elf pyromancer
  8216 | D:10     | Reached **** piety under Wu Jian
  8219 | D:10     | Killed a deep elf pyromancer
  8474 | D:10     | Noticed a two-headed ogre
  8482 | D:10     | Killed a two-headed ogre
  8483 | D:10     | Reached skill level 12 in Unarmed Combat
  8627 | D:11     | Reached XP level 11. HP: 101/109 MP: 10/10
  8813 | D:11     | Noticed Urug
  8848 | D:11     | Paralysed by Urug for 2 turns
  8854 | D:11     | Killed Urug
  9267 | D:11     | Found a runed translucent gate.
  9269 | D:11     | Found an opulent altar of Gozag.
  9270 | D:11     | Found a runed translucent gate.
  9271 | D:11     | Found a runed translucent gate.
  9271 | D:11     | Noticed cforsyth's ghost (journeyman TrFi)
  9404 | D:12     | Reached skill level 13 in Unarmed Combat
  9431 | D:12     | Found a gate leading to a gauntlet.
  9454 | Gauntlet | Entered a Gauntlet
  9454 | Gauntlet | Noticed a death scarab
  9454 | Gauntlet | Found a transporter.
  9454 | Gauntlet | Found a transporter.
  9461 | Gauntlet | Found a transporter.
  9473 | Gauntlet | Found a transporter.
  9490 | Gauntlet | Found a transporter.
  9493 | Gauntlet | Found a transporter.
  9493 | Gauntlet | Found a transporter.
  9499 | Gauntlet | Found a transporter.
  9499 | Gauntlet | Found a transporter.
  9502 | Gauntlet | Noticed a wretched star
  9513 | Gauntlet | Found a runed translucent door.
  9513 | Gauntlet | Found the +2 shield of Resistance {rF++ rC++ Will++}
  9516 | Gauntlet | Found a transporter.
  9530 | Gauntlet | Found a transporter.
  9541 | Gauntlet | Noticed an obsidian statue
  9546 | Gauntlet | Noticed a ghost crab
  9548 | Gauntlet | Found a transporter.
  9563 | Gauntlet | Found a transporter.
  9608 | Gauntlet | Found a transporter.
  9706 | Gauntlet | Identified the +0 cloak "Omoguhag" {rF+ Str+5}
  9902 | Gauntlet | Killed a wretched star
  9937 | Gauntlet | Noticed a minotaur
  9945 | Gauntlet | Killed a minotaur
 10136 | D:12     | Noticed a two-headed ogre
 10162 | D:12     | Killed a two-headed ogre
 10174 | D:12     | Reached skill level 14 in Unarmed Combat
 10174 | D:12     | Reached XP level 12. HP: 82/122 MP: 11/11
 10435 | D:12     | Found a staircase to the Orcish Mines.
 10691 | Lair:1   | Entered Level 1 of the Lair of Beasts
 10829 | Lair:1   | Reached ***** piety under Wu Jian
 11711 | Lair:2   | Noticed a death yak
 11711 | Lair:2   | Noticed a death yak
 11723 | Lair:2   | Noticed a death yak
 11725 | Lair:2   | Killed a death yak
 11725 | Lair:2   | Noticed a death yak
 11738 | Lair:2   | Noticed a death yak
 11739 | Lair:2   | Noticed a death yak
 11742 | Lair:2   | Killed a death yak
 11743 | Lair:2   | Reached skill level 10 in Shields
 11754 | Lair:1   | Killed a death yak
 11993 | Lair:1   | Killed a death yak
 11998 | Lair:1   | Killed a death yak
 12002 | Lair:1   | Killed a death yak
 12173 | Lair:2   | Reached skill level 15 in Unarmed Combat
 13224 | Lair:3   | Found a staircase to the Snake Pit.
 13244 | Lair:3   | Noticed an eight-headed hydra
 13255 | Lair:3   | Killed a nine-headed hydra
 13685 | Lair:3   | Found a staircase to the Swamp.
 13772 | Lair:4   | Reached XP level 13. HP: 120/133 MP: 12/12
 13898 | Lair:4   | Reached skill level 10 in Fighting
 13952 | Lair:4   | Reached skill level 16 in Unarmed Combat
 14314 | Lair:4   | Found a viscous altar of Jiyva.
 14314 | Lair:4   | Found a staircase to the Slime Pits.
 14667 | Lair:5   | Entered Level 5 of the Lair of Beasts
 15193 | Lair:5   | Reached skill level 17 in Unarmed Combat
 15272 | Lair:5   | Reached ****** piety under Wu Jian
 15362 | Lair:5   | Identified the ring of Suicidal Tendencies {rPois Dex+6
                  | SInv}
 16318 | Orc:1    | Entered Level 1 of the Orcish Mines
 16384 | Orc:1    | Reached XP level 14. HP: 99/138 MP: 13/13
 16697 | Orc:2    | Entered Level 2 of the Orcish Mines
 16762 | Orc:2    | Found a staircase to the Elven Halls.
 17722 | Orc:2    | Found a shimmering blue altar of Sif Muna.
 18019 | Orc:2    | Found Yntuif's Weapon Emporium.
 18019 | Orc:2    | Found Haown's Antique Armour Shop.
 18021 | Orc:2    | Found Bimyonux's Armour Emporium.
 18021 | Orc:2    | Found Nimuj's Antique Armour Shop.
 18340 | D:13     | Reached skill level 18 in Unarmed Combat
 18777 | D:14     | Found a shadowy altar of Dithmenos.
 19453 | D:14     | Found a gate to the Vaults.
 19727 | D:15     | Entered Level 15 of the Dungeon
 19817 | D:15     | Found a staircase to the Depths.
 19817 | D:15     | Noticed a fire giant
 19932 | D:15     | Killed a fire giant
 20183 | D:15     | Reached XP level 15. HP: 149/156 MP: 14/14
 20739 | D:15     | Noticed Jorgrun
 20751 | D:15     | Killed Jorgrun
 20752 | D:15     | Reached skill level 19 in Unarmed Combat
 20973 | Snake:1  | Entered Level 1 of the Snake Pit
 20973 | Snake:1  | Noticed Azrael
 21207 | Snake:1  | Killed Azrael
 21534 | Snake:1  | Noticed Mlioglotl
 21551 | Snake:1  | Killed Mlioglotl
 21970 | Snake:1  | Noticed Aizul
 21985 | Snake:1  | Killed Aizul
 23583 | Snake:2  | Reached skill level 20 in Unarmed Combat
 23797 | Snake:3  | Noticed a nagaraja
 24196 | Snake:4  | Entered Level 4 of the Snake Pit
 24685 | Snake:3  | Reached XP level 16. HP: 96/167 MP: 15/15
 25577 | Snake:4  | Noticed Agnes
 25587 | Snake:3  | Killed Agnes
 25843 | Snake:4  | Noticed Nikola
 25864 | Snake:4  | Killed Nikola
 25983 | Snake:4  | Reached skill level 21 in Unarmed Combat
 26098 | Snake:4  | Reached skill level 1 in Earth Magic
 26236 | Snake:4  | Reached skill level 1 in Transmutations
 26321 | Snake:4  | Reached skill level 1 in Spellcasting
 27127 | Snake:4  | Got a serpentine rune of Zot
 27316 | Swamp:1  | Entered Level 1 of the Swamp
 28158 | Swamp:2  | Noticed Kirke
 28293 | Swamp:2  | Killed Kirke
 28330 | Swamp:2  | Found a transporter.
 28334 | Swamp:2  | Noticed Fefob's ghost (adept TeWn)
 28357 | Swamp:2  | Reached XP level 17. HP: 178/178 MP: 20/20
 28457 | Swamp:2  | Found a transporter.
 28475 | Swamp:2  | Reached skill level 5 in Earth Magic
 29095 | D:9      | Killed DeathPants's ghost
 29289 | D:11     | Killed cforsyth's ghost
 29711 | Swamp:3  | Reached skill level 5 in Transmutations
 30245 | Swamp:4  | Entered Level 4 of the Swamp
 30787 | Swamp:4  | Identified the ring "Geshaomu" {Will+ AC+4 Str+4 Dex+3}
 32870 | Swamp:4  | Got a decaying rune of Zot
 33238 | Elf:1    | Entered Level 1 of the Elven Halls
 33281 | Elf:1    | Paralysed by an air elemental for 1 turns
 33378 | Elf:1    | Found a frozen archway.
 33454 | IceCv    | Entered an ice cave
 33886 | IceCv    | Reached XP level 18. HP: 185/185 MP: 21/21
 34060 | IceCv    | Noticed an Ice Fiend
 34065 | IceCv    | Killed an Ice Fiend
 34543 | Elf:1    | Reached skill level 10 in Earth Magic
 35703 | Elf:2    | Found Zeesed's Armour Shoppe.
 36641 | Elf:2    | Found a huge runed translucent gate.
 36641 | Elf:2    | Found a huge runed translucent gate.
 36646 | Elf:2    | Found a huge runed translucent gate.
 36647 | Elf:2    | Found a huge runed translucent gate.
 36648 | Elf:2    | Found a huge runed translucent gate.
 37801 | Elf:3    | Entered Level 3 of the Elven Halls
 37828 | Elf:3    | Found Atemusur's Assorted Antiques.
 37836 | Elf:3    | Bought a scroll labelled ZILENTISUI for 37 gold pieces
 37837 | Elf:3    | Acquired the ring "Rafigaucka" {rPois rCorr MP+9 Dex-3
                  | SInv}
 37958 | Elf:3    | Reached skill level 10 in Transmutations
 39294 | Elf:3    | Reached XP level 19. HP: 170/171 MP: 22/22
 40643 | Elf:3    | Identified the amulet "Meyrogro" {Regen+ Int+3}
 40853 | Elf:3    | Identified the +1 chain mail of Rotation {Will++ Str+6
                  | Dex-3}
 41110 | Elf:3    | Got the Precepts of Combative Breath
 41155 | Elf:3    | Identified the +7 sling "Oloazxel" {freeze, Int+2}
 41421 | Vaults:1 | Entered Level 1 of the Vaults
 41429 | Vaults:1 | Learned a level 6 spell: Statue Form
 44018 | Vaults:2 | Reached XP level 20. HP: 170/202 MP: 23/23
 44439 | Vaults:2 | Reached skill level 15 in Earth Magic
 44580 | Vaults:2 | Noticed Margery
 44587 | Vaults:2 | Killed Margery
 46338 | Vaults:3 | HP: 5/202 [deep troll[an ironbound preserver] (8)]
 46338 | Vaults:3 | Slain by a deep troll

Illustrated notes

Levels and vault maps discovered:
D:1:      kilobyte_arrival_exit_the_forest, layout_rooms
D:2:      layout_loops_ring
D:3:      layout_rooms, nicolae_gozag_seed_capital, serial_shops, shop,
          shapermc_ecumenical_altar_totnotflames
D:4:      layout_basic, hangedman_ru_absence, temple_fountains,
          nicolae_specific_store
D:5:      layout_gridville, mainiacjoe_overflow_concentric_impassable,
          mainiacjoe_overflow_cross_hatched, brannock_xom_greatest_gift
D:6:      layout_loops_ring, marbit_many_paths, minmay_shop_grid_forest,
          kennysheep_generic_room_16
D:7:      layout_cave_pods, nicolae_overflow_hidden_temple, old_standard_altar,
          nicolae_qazlal_general_emergency, grunt_decor_clamped,
          nicolae_figureground_sparkle
D:8:      layout_gridville, minivault_24
D:9:      layout_roguey, kennysheep_mini_moat, gammafunk_ghost_ooze,
          minmay_statue_bubble
D:10:     layout_rooms, hellmonk_lair_entry_icy
D:11:     layout_roguey, ebering_ghost_gozag, uniq_urug
D:12:     layout_rooms, david_orc_4, gauntlet_entry_generic
D:13:     nicolae_BIG_FREAKIN_CUBE, layout_irregular_city
D:14:     layout_cross, hangedman_vaults_entry_quadrant_bands,
          nicolae_dithmenos_shadow_blocks
D:15:     grunt_enter_depths_giant_problem, layout_loops_ring,
          serial_park_tiny_pond, uniq_jorgrun
Temple:   minmay_temple_forest_path
Lair:1:   layout_hall_layers, serial_bayou_shore_a, serial_bayou_shore_b
Lair:2:   layout_layer_cave, infiniplex_staircase_pool, lemuel_fruit_fields
Lair:3:   layout_cave_shapes, nicolae_swamp_entry_splash_gauntlet,
          minmay_snake_entry_guardpost_medium
Lair:4:   layout_regular_city, slime_entry_1, chequers_serial_rivers_room_b,
          grunt_megastairs_4
Lair:5:   minmay_lair_end_enchanted_forest, layout_hall_layers, minivault_23,
          nicolae_quartered_pool_medium, minivault_25,
          grunt_forest_small_clearings
Swamp:1:  nicolae_swamp_wrong_neighborhood, layout_basic_swamp,
          evilmike_swamp_ruin_house_6
Swamp:2:  layout_basic_swamp, gammafunk_ghost_mausoleum,
          evilmike_swamp_ruin_house_2, uniq_kirke
Swamp:3:  layout_falls_marsh, nicolae_swamp_oxbows
Swamp:4:  nzn_swamp_witches_coven, layout_basic_swamp, swamp_pool5,
          nzn_swamp_dancing_lights
Snake:1:  layout_grid_maze, uniq_azrael, uniq_aizul, uniq_mlioglotl
Snake:2:  layout_gridlike, st_stairs_4
Snake:3:  layout_layer_cave, nicolae_triple_integral
Snake:4:  grunt_snake_rune_serpentine_throne, layout_basic, uniq_nikola,
          uniq_agnes
Orc:1:    layout_caves
Orc:2:    grunt_orc_tribal_feast, layout_caves, led_sif_book
Elf:1:    layout_geoelf_octagon, portal_ice_cave_entry_ice_simulacra,
          minivault_28
Elf:2:    elven_hall_of_blades_hangedman_alternative [mumra_blade_entry_dagger],
          layout_geoelf_grid, serial_shops, nicolae_shop_waterfront,
          nicolae_elf_deep_mausoleum
Elf:3:    minmay_elf_hall_circle, layout_gridlike, serial_shops,
          nicolae_shop_crystal, amcnicky_mini_rare_corridor_liquid
Vaults:1: v_misc_27, vaults_dpeg_hooks, v_misc_30, v_misc_24,
          nicolae_vaults_shelves_hall, vaults_dpeg_ring, hangedman_vaults_maws,
          ontoclasm_vaults_gateway, vaults_dpeg_spiral,
          nicolae_vaults_little_squares_3, vaults_mumra_minichess_inversion,
          layout_vaults_omnigrid
Vaults:2: nicolae_vaults_border_crossing, nicolae_vaults_big_ls,
          hangedman_vaults_snaps, vaults_room_boxed, v_misc_16,
          hangedman_vaults_stitches, nicolae_vaults_windows_and_doors_thing,
          serial_ice_g, nicolae_vaults_gold_heap, nicolae_vaults_theta,
          hangedman_vaults_stretched_pinwheel, layout_vaults_big_cross,
          uniq_margery
Vaults:3: v_pattern_3, vaults_room_octagon, v_rooms_2, hangedman_vaults_slither,
          minmay_crypt_entry_vampire_xt, dpeg_vaults_monster_row,
          ontoclasm_vaults_eye, nicolae_vaults_little_squares_4,
          nicolae_vaults_asterisk, nicolae_vaults_ring_of_whatevers,
          nicolae_vaults_alarming, layout_vaults_omnibox

Skill      XL: |  1  2  3  4  5  6  7  8  9 10 11 12 13 14 15 16 17 18 19 20 |
---------------+-------------------------------------------------------------+-----
Shields        | 3 4 5 6 7 8 9 10 11 12 13 | 13.8
Unarmed Combat | 3 4 5 7 8 10 12 14 15 17 18 20 21 | 21.1
Fighting       | 3 4 5 6 7 8 9 10 11 12 13 | 13.3
Earth Magic    | 4 9 12 14 17 | 17.3
Transmutations | 3 7 10 12 13 | 13.3
Spellcasting   | 3 |  3.3
Dodging        | |  2.4

Action                   |  1- 3 |  4- 6 |  7- 9 | 10-12 | 13-15 | 16-18 | 19-21 || total
-------------------------+-------+-------+-------+-------+-------+-------+-------++-------
Melee: Unarmed           |    61 |    80 |   285 |   611 |  1133 |  1411 |   912 ||  4493
       Falchion          |       |    50 |    16 |       |       |       |       ||    66
 Cast: Statue Form       |       |       |       |       |       |       |    22 ||    22
Invok: Lunge             |     2 |    14 |    32 |    33 |    96 |   117 |    58 ||   352
       Whirlwind         |       |     1 |    13 |    41 |   216 |   190 |   241 ||   702
       Serpent's Lash    |       |       |       |     2 |     1 |     8 |     2 ||    13
Evoke: Wand              |       |       |       |       |       |     6 |       ||     6
  Use: Scroll            |       |       |    14 |     9 |     6 |     8 |       ||    37
       Potion            |       |       |       |     3 |     1 |     4 |       ||     8
 Stab: Sleeping          |       |     3 |       |       |       |       |       ||     3
       Petrified         |       |       |       |       |     2 |       |       ||     2
       Distracted        |       |       |       |       |       |     1 |       ||     1
Armor: Robe              |     8 |    24 |    51 |       |       |       |       ||    83
       Steam dragon scal |       |       |    16 |    20 |       |       |       ||    36
       Troll leather arm |       |       |       |    71 |    96 |   105 |   102 ||   374
       Skin              |       |       |       |    19 |     4 |       |   192 ||   215
Dodge: Dodged            |    28 |    43 |    97 |   188 |   234 |   270 |   177 ||  1037
Block: Kite shield       |    17 |    43 |   135 |   221 |   719 |   808 |   424 ||  2367
       Reflection        |       |       |       |       |    88 |    84 |    16 ||   188

Table legend: (Time is in decaauts)
 A = Elapsed time spent in this place.
 B = Non-inter-level travel time spent in this place.
 C = Inter-level travel time spent in this place.
 D = Time resting spent in this place.
 E = Time spent auto-exploring this place.
 F = Levels seen in this place.
 G = Mean time per level.
                   A        B        C        D        E       F      G
               +--------+--------+--------+--------+--------+-----+--------+
         Total |  46073 |  42808 |   3265 |  10201 |  21747 |  39 | 1181.4 |
       Dungeon |  13196 |  11870 |   1326 |   1181 |   8050 |  15 |  879.7 |
        Temple |    827 |    717 |    110 |    355 |    327 |   1 |  827.0 |
          Lair |   6258 |   5437 |    821 |    924 |   3232 |   5 | 1251.6 |
         Swamp |   5074 |   4835 |    239 |   1779 |   1710 |   4 | 1268.5 |
     Snake Pit |   5981 |   5708 |    273 |   1191 |   2801 |   4 | 1495.2 |
  Orcish Mines |   1827 |   1703 |    124 |    766 |    625 |   2 |  913.5 |
   Elven Halls |   7221 |   7018 |    203 |   3132 |   2196 |   3 | 2407.0 |
        Vaults |   4415 |   4249 |    166 |    543 |   2485 |   3 | 1471.7 |
      Ice Cave |    684 |    684 |      0 |    289 |    188 |   1 |  684.0 |
      Gauntlet |    586 |    586 |      0 |     40 |    132 |   1 |  586.0 |
               +--------+--------+--------+--------+--------+-----+--------+

Top non-repeatable levels by time:
   Elf:2: 2743 daAuts
   Elf:3: 2668 daAuts
 Swamp:4: 2273 daAuts
Vaults:2: 2103 daAuts
   Elf:1: 1809 daAuts
Vaults:1: 1774 daAuts
 Snake:1: 1714 daAuts
 Snake:4: 1597 daAuts
  Lair:5: 1466 daAuts
  Lair:1: 1409 daAuts
 Snake:3: 1402 daAuts
    D:14: 1372 daAuts
  Lair:3: 1297 daAuts
 Snake:2: 1267 daAuts
   Orc:1: 1210 daAuts
